[Event "*** Titled Tuesday Blitz"]
[Site "Chess.com"]
[Date "2021.02.16"]
[Round "9"]
[White "MatyChess1"]
[Black "eduardoperalta"]
[Result "0-1"]
[WhiteElo "2584"]
[BlackElo "2434"]
[TimeControl "180+1"]
[EndTime "11:51:41 PST"]
[Termination "eduardoperalta won by checkmate"]

1. e4 c5 2. Nf3 Nc6 3. d4 cxd4 4.
Nxd4 Nf6 5. Nc3 e5 6. Ndb5 d6 7. Bg5 a6 8. Na3 b5 9. Bxf6 gxf6 10. Nd5 Bg7 11. g3 f5 12. exf5 Bxf5 13. Bg2 Be6 14. c3 O-O 15. Nc2 Rc8 16. a4 Ne7 17. axb5 axb5 18.
Ncb4 f5 19. O-O Kh8 20. Ra7 Nxd5 21. Bxd5 Bd7 22. Bb7 Rc7 23. Qxd6 Qb8 24. Rfa1 Rxb7 25. Qxb8 Rfxb8 26. Rxb7 Rxb7 27. Ra8+ Bf8 28. Rxf8+ Kg7 29. Rd8 Kf7 30. f3 Be6 31. Kf2 Ra7 32. Rd2 Ra1 33. Nd3 Kf6 34. Nc5 Bc4 35. b3 Bf1 36. Nd7+ Ke6 37. Nf8+ Kf7 38. Nxh7 Kg6 39. Nf8+ Kf7 40.
Nd7 Ke6 41. Nc5+ Kf6 42. Rd6+ Kf7 43. Rd7+ Kf6 44. Rd6+ Kf7 45. Re6 Bh3 46. Rxe5 Rc1 47. Ne6 Kf6 48. Re2 Rf1+ 49. Ke3 Kxe6 50. Kd4+ Kd6 51.
g4 fxg4 52. fxg4 Bxg4 53. Re4 Be6 54. c4 bxc4 55. bxc4 Rd1+ 56. Kc3 Rc1+ 57. Kb4 Rb1+ 58. Kc3 Bd7 59. Rd4+ Kc6 60. Rh4 Rc1+ 61. Kd4 Rd1+ 62.
Kc3 Be6 63. Rh6 Kd7 64. Rh4 Rc1+ 65. Kb4 Rc2 66. Kc5 Rf2 67. Rh7+ Bf7 68. h4 Ke7 69. Kb6 Rb2+ 70. Kc6 Rc2 71. c5 Kf8 72. Kb6 Rb2+ 73. Kc7 Bd5 74. Rh6 Kg7 75. Rd6 Bg2 76. Rd7+ Kf6 77.
Rd4 Ke5 78. Rg4 Rc2 79. Kb6 Rb2+ 80. Kc7 Rc2 81. Rg5+ Kf4 82. Kb6 Rb2+ 83. Kc7 Rc2 84. Kd6 Rd2+ 85. Ke7 Rc2 86. Kd8 Rd2+ 87. Ke7 Rc2 88.
Kd7 Bf3 89. Kc7 Be4 90. Kb6 Rb2+ 91. Kc7 Rh2 92. Rg8 Rxh4 93. Rf8+ Ke5 94. Kb6 Rh6+ 95. Kb5 Bd3+ 96. Kb4 Be4 97. Re8+ Kd4 98. Rd8+ Bd5 99. Kb5 Rh1 100. c6 Rb1+ 101. Ka4 Rc1 102. Rd6 Ke5 103. Rd8 Bxc6+ 104. Kb4 Bd5 105. Re8+ Kd4 106. Rd8 Rb1+ 107. Ka3 Kc4 108. Rc8+ Kd3 109. Rc7 Bc4 110. Ka4 Kc3 111. Ka5 Rb5+ 112. Ka4 Re5 113. Rc8 Re1 114. Ka5 Re6 115. Ka4 Ra6# 0-1

[Event "*** Titled Tuesday Blitz"]
[Site "Chess.com"]
[Date "2021.02.16"]
[Round "10"]
[White "PawnEatingZombie"]
[Black "tylityli"]
[Result "0-1"]
[WhiteElo "2126"]
[BlackElo "2204"]
[TimeControl "180+1"]
[EndTime "11:52:35 PST"]
[Termination "tylityli won by resignation"]

1. d4 Nf6 2. c4 e6 3. Nc3 Bb4 4. Qc2 O-O 5. e4 d5 6. e5 Ne4 7.
Bd3 c5 8. Nf3 Nc6 9. O-O Nxd4 10. Nxe4 Nxc2 0-1

[Event "*** Titled Tuesday Blitz"]
[Site "Chess.com"]
[Date "2021.02.16"]
[Round "10"]
[White "Mr_Heisenberg13"]
[Black "rynos0411"]
[Result "1-0"]
[WhiteElo "2705"]
[BlackElo "2495"]
[TimeControl "180+1"]
[EndTime "11:53:08 PST"]
[Termination "Mr_Heisenberg13 won by resignation"]

1. e4 c6 2. d4 d5 3. e5 Bf5 4. h4 h5 5. Bg5 Qb6 6. Bd3 Bxd3 7. Qxd3 e6 8. Nd2 Ne7 9. Ngf3 Nf5 10. O-O c5 11. c4 cxd4 12. cxd5 exd5 13. Qxf5 1-0

[Event "*** Titled Tuesday Blitz"]
[Site "Chess.com"]
[Date "2021.02.16"]
[Round "10"]
[White "eljanov"]
[Black "kingofthenil"]
[Result "0-1"]
[WhiteElo "2833"]
[BlackElo "2716"]
[TimeControl "180+1"]
[EndTime "11:53:52 PST"]
[Termination "kingofthenil won by resignation"]

1. e4 Nc6 2. Nf3 d5 3. exd5 Qxd5 4. Nc3 Qh5 5. Be2 Bg4 6. h3 O-O-O 7. O-O Bxh3 8.
gxh3 Qxh3 9. Nh2 e6 10. Bf3 Bd6 11. Ng4 h5 12. Bg2 Qxg4 13. Qxg4 hxg4 14. Ne4 Bh2+ 15.
Kh1 Nd4 0-1

[Event "*** Titled Tuesday Blitz"]
[Site "Chess.com"]
[Date "2021.02.16"]
[Round "10"]
[White "BahadirOzen"]
[Black "JoakimVonAnd"]
[Result "1/2-1/2"]
[WhiteElo "2735"]
[BlackElo "2573"]
[TimeControl "180+1"]
[EndTime "11:53:57 PST"]
[Termination "Game drawn by agreement"]

1. g3 d5 2. Bg2 g6 3. Nf3 Bg7 4.
d4 Nf6 5. O-O O-O 6. c3 b6 7.
Bf4 c5 8. Nbd2 Nbd7 9. Ne5 Bb7 10. Qa4 a6 11. Rad1 b5 12. Qa3 c4 13. Nxd7 Qxd7 14. Be5 Bc6 15. Qa5 1/2-1/2

[Event "*** Titled Tuesday Blitz"]
[Site "Chess.com"]
[Date "2021.02.16"]
[Round "10"]
[White "12teen"]
[Black "Hikaru"]
[Result "0-1"]
[WhiteElo "2884"]
[BlackElo "3187"]
[TimeControl "180+1"]
[EndTime "11:54:55 PST"]
[Termination "Hikaru won by resignation"]

1. g3 g6 2. Bg2 Bg7 3. Nc3 c5 4. e4 Nc6 5. d3 d6 6. f4 Rb8 7.
h3 b5 8. g4 b4 9. Nce2 h5 10.
g5 e6 11. Nf3 Nge7 12. h4 a5 13. Ng3 a4 14. Rb1 d5 15. e5 Nf5 16. Nxf5 exf5 17.
Be3 d4 18. Bf2 Be6 19. Nd2 Ne7 20. Nc4 O-O 21. O-O Nd5 22. Qf3 a3 23. bxa3 Nc3 24.
Rb3 Bd5 25. Qh3 Ne2+ 0-1

[Event "*** Titled Tuesday Blitz"]
[Site "Chess.com"]
[Date "2021.02.16"]
[Round "10"]
[White "Trickster_Pony"]
[Black "HElissalt"]
[Result "0-1"]
[WhiteElo "1518"]
[BlackElo "2205"]
[TimeControl "180+1"]
[EndTime "11:55:06 PST"]
[Termination "HElissalt won by resignation"]

1. c4 e5 2. g3 f5 3. Bg2 Nf6 4. Nc3 d6 5. e3 Be7 6. Nge2 O-O 7. O-O c6 8. d3 Be6 9. b3 Nbd7 10. Bb2 d5 11. cxd5 cxd5 12. d4 e4 13. f3 g5 14.
fxe4 fxe4 15. h4 h6 16. hxg5 hxg5 17. a4 a6 18. Ba3 Bxa3 19. Rxa3 Qe7 20. Ra2 Ng4 21. Qd2 Qh7 22. Nf4 0-1

[Event "*** Titled Tuesday Blitz"]
[Site "Chess.com"]
[Date "2021.02.16"]
[Round "10"]
[White "Chernov_Alexander_A"]
[Black "j2806"]
[Result "1-0"]
[WhiteElo "2285"]
[BlackElo "2123"]
[TimeControl "180+1"]
[EndTime "11:55:08 PST"]
[Termination "Chernov_Alexander_A won by resignation"]

1. e4 c5 2. Nf3 d6 3. c3 Nf6 4. Bb5+ Bd7 5. Qe2 a6 6. Bxd7+ Qxd7 7. O-O e6 8. d4 cxd4 9. cxd4 d5 10. e5 Ne4 11. Rd1 Be7 12. Be3 O-O 13. Ne1 Nc6 14. f3 Ng5 15. h4 Nh3+ 16. gxh3 Bxh4 17. Ng2 Be7 18. Nc3 f6 19. f4 fxe5 20. fxe5 Rf7 21. Rf1 Raf8 22. Rxf7 Rxf7 23. Rf1 Bb4 24. Rxf7 Qxf7 25. Qf2 Qxf2+ 26. Kxf2 Kf7 1-0

[Event "*** Titled Tuesday Blitz"]
[Site "Chess.com"]
[Date "2021.02.16"]
[Round "10"]
[White "Maddie"]
[Black "MerryPoppies"]
[Result "1-0"]
[WhiteElo "2049"]
[BlackElo "2156"]
[TimeControl "180+1"]
[EndTime "11:55:26 PST"]
[Termination "Maddie won by resignation"]

1. d4 d5 2. e3 Nf6 3. Bd3 c5 4. c3 Nc6 5. f4 Bg4 6. Nf3 e6 7. O-O Ne4 8. Qe1 f5 9. Ne5 Nxe5 10. fxe5 Be7 11. Nd2 Bh4 12. Bb5+ Kf8 13. g3 Bg5 14. Nxe4 dxe4 15. Be2 Bxe2 16. Qxe2 Ke7 17. Qb5 Qd7 18.
Qxc5+ Kf7 19. Qc4 Rac8 20. Qb3 Rhe8 21. Rxf5+ Kg6 22. Rf1 Rf8 23. Bd2 Rf3 24. Qc2 Qd5 25. Rxf3 1-0

[Event "*** Titled Tuesday Blitz"]
[Site "Chess.com"]
[Date "2021.02.16"]
[Round "10"]
[White "frankshar"]
[Black "Artem_Sadovsky"]
[Result "1-0"]
[WhiteElo "2423"]
[BlackElo "2554"]
[TimeControl "180+1"]
[EndTime "11:55:31 PST"]
[Termination "frankshar won by resignation"]

1. d4 g6 2. e4 Bg7 3. c4 d6 4. Nf3 e5 5. Nc3 Nc6 6. Bg5 f6 7. Be3 h6 8. h4 g5 9. hxg5 hxg5 10. Rxh8 Bxh8 11. d5 Nce7 12. Nxg5 fxg5 13. Qh5+ Kf8 14.
Qxh8 Ng6 15. Qh7 Nf4 16. g3 Bg4 17. gxf4 gxf4 18. Bd2 Nf6 19. Qh6+ Kf7 20. Be2 Qg8 21.
O-O-O Bxe2 22. Nxe2 Nxe4 23. Rg1 Qh8 24. Qg6+ Kf8 25.
Qxe4 Qh7 26. Qxh7 1-0

[Event "*** Titled Tuesday Blitz"]
[Site "Chess.com"]
[Date "2021.02.16"]
[Round "10"]
[White "sara_khm"]
[Black "Salem-AR"]
[Result "0-1"]
[WhiteElo "2671"]
[BlackElo "2910"]
[TimeControl "180+1"]
[EndTime "11:55:32 PST"]
[Termination "Salem-AR won by resignation"]

1. d4 Nf6 2. c4 g6 3. Nf3 Bg7 4.
g3 d5 5. cxd5 Nxd5 6. Bg2 Nb6 7.
Nc3 Nc6 8. e3 O-O 9. O-O Re8 10.
Re1 a5 11. Rb1 a4 12. b3 axb3 13. axb3 Bf5 14. Rb2 e5 15. dxe5 Nxe5 16. Rd2 Nxf3+ 17. Qxf3 Qe7 18. Bb2 Qb4 19. Rc1 c6 20. Nb1 Bxb1 0-1

[Event "*** Titled Tuesday Blitz"]
[Site "Chess.com"]
[Date "2021.02.16"]
[Round "10"]
[White "jens1102"]
[Black "zimmm36"]
[Result "1-0"]
[WhiteElo "2429"]
[BlackElo "2276"]
[TimeControl "180+1"]
[EndTime "11:55:46 PST"]
[Termination "jens1102 won by resignation"]

1. e4 c5 2. Nf3 Nc6 3. Bb5 b6 4. Bxc6 dxc6 5. O-O g6 6. d4 cxd4 7. Qxd4 Qxd4 8. Nxd4 Bb7 9. Nc3 c5 10. Ndb5 Kd7 11.
Rd1+ Kc6 12. a4 Bg7 13. Bf4 Nf6 14. Rd2 Rhd8 15. Nxa7+ Rxa7 16. Rxd8 Nd7 17. Rd1 Bd4 18. Nb5 e5 19. c3 Rxa4 20. cxd4 exf4 21. Nc3 Rxd4 22.
Rxd4 cxd4 23. Nd5 Ba6 24. Nb4+ Kc7 25. Rxd7+ Kxd7 26. Nxa6 Kc6 27. Kf1 Kb5 28. Nc7+ Kc4 29. Ke2 Kb3 30. Kd3 Kxb2 31. Kxd4 Kc2 32. e5 Kd2 33. Ke4 g5 34. h4 h6 35. hxg5 hxg5 36. Kf5 Ke2 37. f3 Kf2 38. Kxg5 Kxg2 39.
Kxf4 Kf2 40. Ke4 Kg3 41. f4 Kg4 42. f5 1-0

[Event "*** Titled Tuesday Blitz"]
[Site "Chess.com"]
[Date "2021.02.16"]
[Round "10"]
[White "esapunov"]
[Black "sergeikim"]
[Result "1-0"]
[WhiteElo "2671"]
[BlackElo "2532"]
[TimeControl "180+1"]
[EndTime "11:55:48 PST"]
[Termination "esapunov won by resignation"]

1. c4 e5 2. Nf3 Nc6 3. Nc3 g6 4. d4 exd4 5. Nxd4 Bg7 6. Nxc6 bxc6 7. g3 Nf6 8. Bg2 O-O 9. O-O Re8 10. Qa4 Bb7 11. Rd1 Qe7 12. Bf4 Rec8 13. Rac1 Nh5 14. Be3 a5 15. c5 Ba6 16. Qc2 Rab8 17. b3 Nf6 18. Qd2 Rd8 19. Bf4 Rb7 20. h3 Nh5 21.
Bg5 Nf6 22. Bxc6 Rbb8 23. Bg2 Qxc5 24. Nd5 1-0

[Event "*** Titled Tuesday Blitz"]
[Site "Chess.com"]
[Date "2021.02.16"]
[Round "10"]
[White "szefru"]
[Black "DanilNajdin"]
[Result "0-1"]
[WhiteElo "2249"]
[BlackElo "2449"]
[TimeControl "180+1"]
[EndTime "11:55:56 PST"]
[Termination "DanilNajdin won by resignation"]

1. b3 e5 2. Bb2 Nc6 3. e3 Nf6 4. Ne2 d5 5. d4 Bd6 6. Ng3 exd4 7. exd4 Bg4 8. Be2 Bxe2 9. Qxe2+ Ne7 10. O-O O-O 11.
Nd2 Ng6 12. Nf5 Re8 13. Qf3 Ne7 14. c4 Nxf5 15. Qxf5 c6 16. Nf3 Qd7 17. Qg5 Re2 18. Rab1 Ne4 19. Qh4 Nd2 20. Nxd2 Rxd2 21. Rfe1 Re8 22.
Rxe8+ Qxe8 23. Bc3 Rxa2 24. Qg4 g6 25. h4 Qe4 26.
Qc8+ Kg7 27. Qxb7 Qxb1+ 0-1

[Event "*** Titled Tuesday Blitz"]
[Site "Chess.com"]
[Date "2021.02.16"]
[Round "10"]
[White "juancruzarias"]
[Black "szachuspl"]
[Result "1-0"]
[WhiteElo "2639"]
[BlackElo "2471"]
[TimeControl "180+1"]
[EndTime "11:56:07 PST"]
[Termination "juancruzarias won by checkmate"]

1. e4 c5 2. Nc3 Nc6 3. g3 g6 4.
Bg2 Bg7 5. d3 e6 6. f4 d6 7. Nf3 Nge7 8. O-O O-O 9. h3 Nd4 10.
g4 f5 11. Bd2 Bd7 12. Rb1 Rb8 13. Ne2 Nec6 14. Ng3 Nxf3+ 15. Bxf3 Nd4 16. Bg2 Qh4 17. Be1 Qe7 18. c3 Nc6 19. Qe2 Qf7 20.
Bd2 Kh8 21. Rbe1 b5 22. gxf5 gxf5 23. Nh5 Bh6 24. exf5 exf5 25. Ng3 b4 26. Kh2 Rg8 27. Rg1 Rbe8 28. Qf2 Qxa2 29. Bxc6 Bxc6 30. Rxe8 Rxe8 31. Nxf5 Bf8 32. cxb4 Qxb2 33. bxc5 Qf6 34. Nxd6 Rb8 35. Qd4 Bg7 36. Qxf6 Bxf6 37. Nf7# 1-0

[Event "*** Titled Tuesday Blitz"]
[Site "Chess.com"]
[Date "2021.02.16"]
[Round "10"]
[White "Zurability"]
[Black "Jospem"]
[Result "0-1"]
[WhiteElo "2646"]
[BlackElo "3005"]
[TimeControl "180+1"]
[EndTime "11:56:15 PST"]
[Termination "Jospem won by resignation"]

1. Nf3 c5 2. g3 Nc6 3. Bg2 g6 4. O-O Bg7 5. e4 d6 6. c3 e5 7. d3 Nge7 8. a3 O-O 9. b4 h6 10. bxc5 dxc5 11. c4 Be6 12. Nc3 b6 13. Nd5 f5 14.
Bb2 f4 15. gxf4 exf4 16. Bxg7 Kxg7 17. d4 Bg4 18. dxc5 bxc5 19. h3 Bxf3 20. Bxf3 Ne5 21.
Kh2 N7c6 22. Rg1 Nd4 23. Bh5 Qd6 24. Bxg6 Ndf3+ 25. Kh1 Nxg1 26. Bh5 Nxh3 0-1

[Event "*** Titled Tuesday Blitz"]
[Site "Chess.com"]
[Date "2021.02.16"]
[Round "10"]
[White "Gabrielian_Artur"]
[Black "Skatchkov_V"]
[Result "0-1"]
[WhiteElo "2785"]
[BlackElo "2565"]
[TimeControl "180+1"]
[EndTime "11:56:23 PST"]
[Termination "Skatchkov_V won by resignation"]

1. c4 e5 2. Nc3 Nf6 3. Nf3 Nc6 4.
d3 d5 5. cxd5 Nxd5 6. e3 Be7 7.
Be2 O-O 8. O-O Be6 9. Bd2 f5 10. Nxd5 Bxd5 11. Bc3 Qd6 12. Nd2 Rad8 13. a3 Qg6 14. e4 fxe4 15. dxe4 Bxe4 16. Qb3+ Bd5 17. Qxd5+ Rxd5 18. Bc4 Rd8 19. Nf3 Kh8 20. Rfe1 R5d7 21. Bxe5 Bf6 22. Bg3 Qc2 23. Bf1 Nd4 24. Ne5 Bxe5 25.
Bxe5 Nb3 26. Rab1 Rd1 0-1

[Event "*** Titled Tuesday Blitz"]
[Site "Chess.com"]
[Date "2021.02.16"]
[Round "10"]
[White "ObligatePawnivore"]
[Black "Pantata007"]
[Result "1-0"]
[WhiteElo "1836"]
[BlackElo "2244"]
[TimeControl "180+1"]
[EndTime "11:56:26 PST"]
[Termination "ObligatePawnivore won by resignation"]

1. c4 Nf6 2. Nc3 c5 3. Nf3 e6 4. g3 b6 5. Bg2 Bb7 6. O-O Be7 7. Re1 d5 8. cxd5 Nxd5 9. e4 Nb4 10. d4 cxd4 11.
Nxd4 O-O 12. Be3 N8c6 13. Nxc6 Bxc6 14. Qb3 Qd3 15. Rac1 Rfd8 16. a3 Na6 17. Red1 1-0

[Event "*** Titled Tuesday Blitz"]
[Site "Chess.com"]
[Date "2021.02.16"]
[Round "10"]
[White "AlexeiShirov"]
[Black "GianmarcoVaR"]
[Result "0-1"]
[WhiteElo "2828"]
[BlackElo "2681"]
[TimeControl "180+1"]
[EndTime "11:56:28 PST"]
[Termination "GianmarcoVaR won by resignation"]

1. e4 c6 2. d4 d5 3. e5 Bf5 4. Nf3 e6 5. Be2 Nd7 6. O-O Bb4 7. c3 Ba5 8. Na3 h6 9. Nc2 Ne7 10. Ne3 Bh7 11. Nh4 g5 12. Nf3 Bc7 13. Ng4 Bf5 14. Ne3 Bg6 15. Bd3 f5 16. exf6 Nxf6 17. Ne5 Bxe5 18. dxe5 Nd7 19. Ng4 Bxd3 20. Qxd3 Nf5 21. f4 Nc5 22. Qh3 Ne4 23. fxg5 Qb6+ 24. Kh1 O-O-O 25. gxh6 Rdf8 26. Bf4 Qxb2 27. Qh4 Nxh4 0-1

[Event "*** Titled Tuesday Blitz"]
[Site "Chess.com"]
[Date "2021.02.16"]
[Round "10"]
[White "Ranindu2003"]
[Black "KubaGepard"]
[Result "0-1"]
[WhiteElo "2555"]
[BlackElo "2417"]
[TimeControl "180+1"]
[EndTime "11:56:30 PST"]
[Termination "KubaGepard won by checkmate"]

1. e4 e5 2. Nf3 Nc6 3. Bc4 Bc5 4. c3 Nf6 5. d3 a6 6. Bb3 O-O 7. Nbd2 d5 8. Qe2 Be6 9. h3 d4 10. Nf1 a5 11. Bc2 b5 12. Ng3 dxc3 13. bxc3 b4 14. c4 Nd4 15. Nxd4 Bxd4 16. Rb1 c5 17. O-O a4 18. Kh2 Nd7 19. Bd1 Nb8 20. f4 exf4 21.
Bxf4 Nc6 22. Bc2 Be5 23. Bxe5 Nxe5 24. Nf5 Bxf5 25. Rxf5 Qd6 26. Rbf1 Nf3+ 27. Kh1 Qh2# 0-1

[Event "*** Titled Tuesday Blitz"]
[Site "Chess.com"]
[Date "2021.02.16"]
[Round "10"]
[White "Gusarov91"]
[Black "korbul"]
[Result "0-1"]
[WhiteElo "2437"]
[BlackElo "2583"]
[TimeControl "180+1"]
[EndTime "11:56:33 PST"]
[Termination "korbul won by resignation"]

1. d4 Nf6 2. Nf3 b6 3. g3 Bb7 4. Bg2 g6 5. O-O Bg7 6. c4 O-O 7. d5 Ne4 8. Qc2 Nc5 9. Nc3 a5 10. Be3 e5 11. dxe6 dxe6 12. Rad1 Qe7 13. Bg5 f6 14. Be3 Nbd7 15. b3 Rad8 16. Nb5 Na6 17. Rd2 e5 18. Rfd1 Ndc5 19. Nc3 Nb4 20. Qb1 e4 21. Nd4 f5 22. a3 Nbd3 23. exd3 Bxd4 24.
Bxd4 Rxd4 25. dxe4 Rxd2 26. Rxd2 fxe4 27. b4 axb4 28.
axb4 e3 29. Nd5 Bxd5 30. Bxd5+ Kg7 31. Qb2+ Kh6 32. Re2 Nd3 33. Qd4 exf2+ 34. Kf1 Qxe2+ 35. Kxe2 f1=Q+ 36. Kd2 Rf2+ 37. Kc3 Qa1+ 38. Kxd3 Rd2+ 39. Kxd2 0-1

[Event "*** Titled Tuesday Blitz"]
[Site "Chess.com"]
[Date "2021.02.16"]
[Round "10"]
[White "IMAghasiyevKamal"]
[Black "KetiGrant"]
[Result "1-0"]
[WhiteElo "2537"]
[BlackElo "2395"]
[TimeControl "180+1"]
[EndTime "11:56:34 PST"]
[Termination "IMAghasiyevKamal won by resignation"]

1. d4 Nf6 2. c4 g6 3. Nc3 Bg7 4. e4 d6 5. Be2 O-O 6. Bg5 Na6 7.
Nf3 c5 8. d5 e6 9. dxe6 fxe6 10.
e5 dxe5 11. Qxd8 Rxd8 12. Ne4 Rf8 13. Bxf6 Bxf6 14. Nxf6+ Rxf6 15. a3 e4 16. Ng5 e3 17.
O-O-O Rxf2 18. Rd8+ Kg7 19. Bf3 Nc7 20. Ne4 Rxf3 21.
gxf3 e5 22. Nd6 Bh3 23. Rxa8 Nxa8 24. Re1 b6 25. Rxe3 Kf6 26. f4 1-0

[Event "*** Titled Tuesday Blitz"]
[Site "Chess.com"]
[Date "2021.02.16"]
[Round "10"]
[White "markowskitomasz"]
[Black "VFernandezB"]
[Result "0-1"]
[WhiteElo "2602"]
[BlackElo "2461"]
[TimeControl "180+1"]
[EndTime "11:56:36 PST"]
[Termination "VFernandezB won by resignation"]

1. d4 Nf6 2. c4 g6 3. Nc3 d5 4. cxd5 Nxd5 5. g3 Nxc3 6. bxc3 Bg7 7. Bg2 c5 8. Nf3 O-O 9. O-O Nc6 10. Be3 cxd4 11.
Nxd4 Nxd4 12. Bxd4 Bxd4 13. cxd4 Rb8 14. Qa4 a6 15. Rfd1 Qd6 16. e4 Bd7 17. Qb3 Be6 18.
d5 Bd7 19. f4 Rfc8 20. Rac1 Bg4 21. e5 Bxd1 22. Rxd1 Qc5+ 23. Kh1 Qc2 24. Qf3 Rc3 25.
Qf1 Rbc8 26. Re1 Qd2 27. Re2 Qc1 28. Re1 Qxe1 29. Qxe1 Rc1 30. Qf1 Rxf1+ 31. Bxf1 Rc5 32.
d6 exd6 33. exd6 Rd5 34. Bg2 Rd1+ 0-1

[Event "*** Titled Tuesday Blitz"]
[Site "Chess.com"]
[Date "2021.02.16"]
[Round "10"]
[White "andrewtnb"]
[Black "Lysiak_Poltorak"]
[Result "0-1"]
[WhiteElo "2314"]
[BlackElo "2438"]
[TimeControl "180+1"]
[EndTime "11:56:36 PST"]
[Termination "Lysiak_Poltorak won on time"]

1. d4 Nf6 2. Nf3 e6 3. c4 Bb4+ 4. Bd2 Qe7 5. e3 Bxd2+ 6. Nbxd2 d6 7. Be2 O-O 8. O-O e5 9. h3 Nbd7 10. Re1 b6 11. Qc2 Bb7 12. d5 g6 13. Rad1 a5 14. Bd3 Nc5 15. e4 Nh5 16. Bf1 f5 17.
exf5 gxf5 18. Nd4 Qg7 19. Nb5 Nf4 20. Kh2 Kh8 21. g3 Rg8 22. Nf3 Nh5 0-1

[Event "*** Titled Tuesday Blitz"]
[Site "Chess.com"]
[Date "2021.02.16"]
[Round "10"]
[White "GM_Crest"]
[Black "dropstoneDP"]
[Result "1-0"]
[WhiteElo "2767"]
[BlackElo "2963"]
[TimeControl "180+1"]
[EndTime "11:56:40 PST"]
[Termination "GM_Crest won by resignation"]

1. d4 Nf6 2. c4 Ng8 3. e4 e6 4. Nc3 d6 5. Nb1 Nf6 6. Nc3 Be7 7. f4 O-O 8. Nf3 d5 9. e5 Ne4 10. Bd3 Bb4 11. Qc2 c5 12. O-O cxd4 13.
Nxe4 dxe4 14. Bxe4 g6 15. a3 Bc5 16. Bd3 a5 17. Ng5 Nc6 18. Qe2 a4 19. h4 b6 20. h5 Ra7 21. Bd2 Ne7 22. g4 Bb7 23. Qh2 h6 24. hxg6 Kg7 25. Nxf7 Rxf7 26. gxf7 Qh8 27. f5 Kxf7 28. Qh5+ 1-0

[Event "*** Titled Tuesday Blitz"]
[Site "Chess.com"]
[Date "2021.02.16"]
[Round "10"]
[White "Matols"]
[Black "akanga001"]
[Result "1-0"]
[WhiteElo "2238"]
[BlackElo "1979"]
[TimeControl "180+1"]
[EndTime "11:56:49 PST"]
[Termination "Matols won by resignation"]

1. d4 Nf6 2. c4 b6 3. Nc3 Bb7 4. e3 g6 5. Nf3 Bg7 6. Bd3 O-O 7. O-O d6 8. b3 c5 9. Bb2 Nbd7 10. d5 e6 11. e4 exd5 12. exd5 a6 13. a4 Qc7 14.
Re1 Rae8 15. Qc2 Ng4 16. Ne4 Nge5 17. Nxe5 Nxe5 18. Bf1 b5 19. axb5 axb5 20. h3 bxc4 21. bxc4 h6 22. f4 Nd7 23. Bxg7 Kxg7 24. Qb2+ f6 25.
Ra7 Rb8 26. Rb1 Rfe8 27. Rxb7 Rxb7 28. Qxb7 Qxb7 29. Rxb7 Rxe4 30. Rxd7+ Kg8 31. Rxd6 Rxf4 32. Rc6 Kf7 33. Rxc5 g5 34. Rc7+ Kg6 35. d6 Rd4 36. c5 f5 37. d7 f4 38. c6 h5 39. Rc8 g4 40. d8=Q 1-0

[Event "*** Titled Tuesday Blitz"]
[Site "Chess.com"]
[Date "2021.02.16"]
[Round "10"]
[White "Azde"]
[Black "AlexPapasimakopoulos"]
[Result "0-1"]
[WhiteElo "2431"]
[BlackElo "2605"]
[TimeControl "180+1"]
[EndTime "11:56:54 PST"]
[Termination "AlexPapasimakopoulos won by resignation"]

1. d4 e6 2. c4 Nf6 3. Nf3 Bb4+ 4. Bd2 Qe7 5. g3 Nc6 6. Bg2 Bxd2+ 7. Nbxd2 d6 8. O-O e5 9. d5 Nb8 10. e4 a5 11. Qe2 Na6 12. Ne1 O-O 13. Nd3 c6 14. Rfc1 Nb4 15. b3 Bd7 16. a3 Nxd3 17. Qxd3 cxd5 18. cxd5 b5 19. b4 axb4 20. axb4 Ra4 21. Rxa4 bxa4 22. Bf1 Rb8 23. Qa3 h5 24. f3 h4 25. Kg2 Nh5 26. g4 Nf4+ 27. Kg1 h3 28.
Rc7 Qd8 29. Qc3 a3 30. Rxd7 Qxd7 31. Qxa3 Qb7 32. b5 Qb6+ 33. Kh1 Qf2 34. Qc3 Ne2 0-1

[Event "*** Titled Tuesday Blitz"]
[Site "Chess.com"]
[Date "2021.02.16"]
[Round "10"]
[White "Zenzo"]
[Black "kleopl"]
[Result "1-0"]
[WhiteElo "2611"]
[BlackElo "2464"]
[TimeControl "180+1"]
[EndTime "11:57:02 PST"]
[Termination "Zenzo won by resignation"]

1. e4 c6 2. d4 d5 3. Nc3 a6 4. h4 h5 5. Nf3 Bg4 6. Be2 e6 7. Bf4 Nf6 8. e5 Nfd7 9. Ng5 Bxe2 10.
Nxe2 c5 11. c3 Nc6 12. f3 Qb6 13. b3 cxd4 14. cxd4 Bb4+ 15. Kf1 Rc8 16. Rc1 Ne7 17. Rxc8+ Nxc8 18. g4 Ne7 19. Ng3 hxg4 20. fxg4 Nc6 21. Ne2 Be7 22. h5 Qa5 23. a4 Qb4 24. Nf3 Na5 25. Nd2 Nc6 26. Nf3 Na5 27. Nc1 Qc3 28. Bd2 Qd3+ 29. Nxd3 1-0

[Event "*** Titled Tuesday Blitz"]
[Site "Chess.com"]
[Date "2021.02.16"]
[Round "10"]
[White "Ze-Pequeno"]
[Black "ChessSwole"]
[Result "0-1"]
[WhiteElo "2278"]
[BlackElo "2522"]
[TimeControl "180+1"]
[EndTime "11:57:10 PST"]
[Termination "ChessSwole won by resignation"]

1. e4 e5 2. Nf3 Nc6 3. Nc3 Nf6 4. d4 exd4 5. Nxd4 Bb4 6. Nxc6 bxc6 7. Bd3 d5 8. exd5 O-O 9. O-O Bg4 10. Be2 Bxe2 11. Nxe2 cxd5 12. Bg5 Be7 13. Nd4 Qd7 14. Qf3 Ne4 15. Bxe7 Qxe7 16. Rfe1 Qc5 17. c3 Rab8 18.
Re2 Rfe8 19. Rae1 g6 20. Qf4 a5 21. h4 h5 22. a3 Kg7 23. Kh2 Qb6 24. f3 Qd6 25. Qxd6 Nxd6 26. Rxe8 Nxe8 27. Rxe8 Rxe8 0-1

[Event "*** Titled Tuesday Blitz"]
[Site "Chess.com"]
[Date "2021.02.16"]
[Round "10"]
[White "BigAl"]
[Black "Shahaliyev"]
[Result "1-0"]
[WhiteElo "2503"]
[BlackElo "2665"]
[TimeControl "180+1"]
[EndTime "11:57:11 PST"]
[Termination "BigAl won by resignation"]

1. Nf3 Nf6 2. g3 e6 3. Bg2 b6 4. O-O Bb7 5. d3 c5 6. e4 Be7 7. a4 Nc6 8. e5 Nd5 9. Nbd2 d6 10. exd6 Bxd6 11. Nc4 Bc7 12. Re1 O-O 13. a5 b5 14.
a6 Bc8 15. Nce5 Nxe5 16. Nxe5 Bxe5 17. Rxe5 Qd6 18. Re1 Bxa6 19. Qg4 Nf6 20. Qh4 Qb6 21. Be3 Rac8 22. b4 Nd7 23. Qe7 Rfd8 24. bxc5 1-0

[Event "*** Titled Tuesday Blitz"]
[Site "Chess.com"]
[Date "2021.02.16"]
[Round "10"]
[White "jd001"]
[Black "ajedrez1101"]
[Result "1/2-1/2"]
[WhiteElo "2264"]
[BlackElo "2126"]
[TimeControl "180+1"]
[EndTime "11:57:17 PST"]
[Termination "Game drawn by agreement"]

1. d4 b6 2. e4 Bb7 3. Bd3 e6 4. Qe2 d5 5. exd5 Qxd5 6. Nf3 Nf6 7. O-O Be7 8. c4 Qh5 9. Nbd2 O-O 10. Re1 Nbd7 11. Ne5 Qxe2 12. Rxe2 Nxe5 13. dxe5 Nd7 14. f4 Nc5 15. Bc2 a5 16. b3 Rfd8 17. Bb2 Nd3 18. Bxd3 Rxd3 19. Rae1 Bc5+ 20. Kf1 Bb4 21. Rd1 Rad8 22.
Ke1 Bxd2+ 23. Rdxd2 Rxd2 24. Rxd2 Rxd2 25. Kxd2 Bxg2 26.
Ke3 Kf8 27. Bd4 Ke8 28. c5 bxc5 29. Bxc5 Bd5 30. Kd4 Kd7 31. Bf8 g6 32. Kc5 Bc6 33. h4 h5 34. a3 Bd5 35. b4 axb4 36. axb4 c6 37. Kb6 Be4 38. Bd6 Bd5 1/2-1/2

[Event "*** Titled Tuesday Blitz"]
[Site "Chess.com"]
[Date "2021.02.16"]
[Round "10"]
[White "AntonovaNadezhda"]
[Black "VladimirBugayev"]
[Result "1-0"]
[WhiteElo "2177"]
[BlackElo "2289"]
[TimeControl "180+1"]
[EndTime "11:57:18 PST"]
[Termination "AntonovaNadezhda won by resignation"]

1. b3 e5 2. Bb2 Nc6 3. e3 d5 4.
Bb5 Bd6 5. c4 a6 6. cxd5 axb5 7.
dxc6 bxc6 8. d4 e4 9. d5 Nf6 10. dxc6 O-O 11. Nd2 Ra6 12. Qc2 Qe8 13. Bxf6 gxf6 14. Rc1 f5 15. Ne2 Qe5 16. g3 Be6 17. O-O Rfa8 18. Ra1 h5 19. h4 Qd5 20. Rfc1 Ba3 21.
Nf4 Qd6 22. Nxh5 Bxc1 23. Qxc1 Rxa2 24. Rxa2 Rxa2 25. Nf1 Qe5 26. Qd1 Qd5 27. Nf6+ Kg7 28. Nxd5 1-0